 Dungeon Crawl Stone Soup version 0.31-a0-931-g7b59d4eb97 (webtiles) character file.

Game seed: 15565329233611315820

1115 Forgeling the Covert (level 8, -1/67 HPs)
             Began as a Naga Enchanter on Oct 19, 2023.
             Killed from afar by an orc wizard (5 damage)
             ... with a magic dart
             ... on level 5 of the Dungeon.
             The game lasted 00:11:48 (4733 turns).

Forgeling the Covert (Naga Enchanter)               Turns: 4733, Time: 00:11:48

Health: -1/67      AC:  5    Str: 11    XL:     8   Next: 34%
Magic:  0/12       EV:  9    Int: 18    God:
Gold:   265        SH:  0    Dex: 11    Spells: 5/13 levels left

rFire   . . .        a - +2 dagger (drain)
rCold   . . .        i - +0 buckler
rNeg    . . .        d - +0 robe
rPois   +            (no helmet)
rElec   .            c - +0 cloak
rCorr   .            l - +0 pair of gloves
SInv    +            (no barding)
Will    ++...        k - amulet of guardian spirit
Stlth   ++           (no ring)
HPRegen 0.31/turn    (no ring)
MPRegen 0.13/turn

%: guardian spirit
@: confused, on berserk cooldown, enlightened, flying, hasted and slowed,
invisible, very slow
A: AC +2, large, see invisible, deformed body, poison resistance, slowness 2,
spit poison 1, naga tail 1
a: Spit Poison


You were on level 5 of the Dungeon.
You visited 1 branch of the dungeon, and saw 5 of its levels.

You collected 265 gold pieces.

Inventory:

Hand Weapons
 a - a +2 dagger of draining (weapon)
 b - a +0 sling
Missiles
 g - 3 boomerangs
 t - 8 poisoned darts
Armour
 c - a +0 cloak (worn)
 d - a +0 robe (worn)
 i - a +0 buckler (worn)
 l - a +0 pair of gloves (worn)
Jewellery
 k - an amulet of guardian spirit (around neck)
 w - an amulet of faith
Wands
 j - a wand of polymorph (6)
Scrolls
 e - a scroll of torment {unknown}
 f - a scroll of identify {unknown}
 h - a scroll of amnesia {unknown}
 n - a scroll of enchant armour {unknown}
 o - a scroll of noise {unknown}
 s - a scroll of teleportation {unknown}
 u - a scroll of blinking {unknown}
 v - a scroll of acquirement {unknown}
 F - a scroll of fog
 X - a scroll of revelation {@r4}
Potions
 q - 3 potions of mutation {unknown}
 r - 4 potions of heal wounds {unknown}
 B - 2 potions of brilliance
 I - a potion of invisibility


   Skills:
 + Level 1.9 Fighting
 + Level 3.7 Short Blades
 - Level 1.5 Dodging
 + Level 10.5 Stealth
 - Level 3.0 Spellcasting
 - Level 6.0 Hexes
 - Level 1.0 Evocations


You had 5 spell levels left.
You knew the following spells:

 Your Spells              Type           Power      Damage    Failure   Level
g - Ensorcelled Hibernat  Hex/Ice        26%        N/A       11%         2
h - Confusing Touch       Hex            24%        N/A       6%          3
j - Tukima's Dance        Hex            24%        N/A       6%          3

Your spell library contained the following spells:

 Spells                   Type           Power      Damage    Failure   Level
 Dazzling Flash           Conj/Hex       26%        N/A       21%         3
 Magic Dart               Conj           8%         1d3       24%         1
 Searing Ray              Conj           4%         2d4       34%         2
 Sublimation of Blood     Necr           2%         N/A       34%         2
 Wereblood                Tmut           2%         N/A       34%         2
 Stone Arrow              Conj/Erth      4%         3d7       56%         3
 Fulminant Prism          Conj/Hex       6%         3d7       56%         4
 Animate Armour           Summ/Erth      4%         N/A       93%         4
 Summon Hydra             Summ           1%         N/A       100%        7
 Lehudib's Crystal Spear  Conj/Erth      1%         10d2      100%        8


Dungeon Overview and Level Annotations

Branches:
Dungeon (5/15)
 Temple: D:4-7

Altars:
Elyvilon
Makhleb
Zin

Shops:
D:4 [


Innate Abilities, Weirdness & Mutations

Your serpentine skin is tough. (AC +2)
You have supernaturally acute eyesight. (SInv)
Armour fits poorly on your strangely shaped body.
Your system is resistant to poisons. (rPois)
You cover ground very slowly.
You can spit poison.
You have a snake-like lower body.


Message History

The orc wizard points at you and mumbles some strange words.
You hit the orc priest.
The orc priest is severely wounded.
The hound seems less drained.
The hound bites you.
* * * LOW HITPOINT WARNING * * *
The orc wizard points at you and mumbles some strange words.
The puff of flame hits you.
* * * LOW HITPOINT WARNING * * *
The orc priest mumbles some strange prayers to Beogh against you.
Beogh smites you!
* * * LOW HITPOINT WARNING * * *
The orc wizard points at you and mumbles some strange words.
The magic dart hits you.
* * * LOW HITPOINT WARNING * * *
The hound bites you.
* * * LOW HITPOINT WARNING * * *
You feel better. The orc priest hits you with a +0 club.
* * * LOW HITPOINT WARNING * * *
The orc hits you with a +0 short sword.
* * * LOW HITPOINT WARNING * * *
You feel better. The orc priest hits you with a +0 club.
* * * LOW HITPOINT WARNING * * *
The orc wizard casts a spell at you.
You are confused.
The orc wizard hits you with a +0 dagger.
* * * LOW HITPOINT WARNING * * *
The orc wizard casts a spell at you.
You easily resist.
It was a potion of enlightenment.
You feel very buoyant.
You fly up into the air.
The orc wizard hits you with a +0 dagger.
* * * LOW HITPOINT WARNING * * *
The hound bites you.
* * * LOW HITPOINT WARNING * * *
It was a potion of haste.
You feel yourself speed up. The hound bites you.
* * * LOW HITPOINT WARNING * * *
The orc wizard casts a spell at you. The magic dart hits you.
You die...

##.#### ##..#
...# ##.# .###
#.# # ## #.#####
.. # #.....###
..... ##......#
.....
#......##.....
####....o........
#..)....@h†o.....
#.......oo)......
#..........#.....
#..........# ....
#....#####.## ###
#....# #..###
###### ##...###
###...# ###.###


You could see a hound, an orc priest (unable to see you, very drained), 2 orc
wizards and an orc (unable to see you, very drained).

Vanquished Creatures
  A water moccasin (D:5)
  3 black bears
  An ogre (D:5)
  A gnoll sergeant (D:3)
  A scorpion (D:3)
  A jelly (D:4)
  A hound (D:4)
  A sleepcap (D:4)
  5 iguanas
  4 orc wizards
  4 adders
  7 gnolls (D:4)
  2 worms
  4 dart slugs
  12 orcs
  5 bats
  11 endoplasms
  4 giant cockroaches
  4 hobgoblins
  7 kobolds
  6 quokkas
  10 ball pythons
  4 frilled lizards
  11 goblins
  7 rats
117 creatures vanquished.

Vanquished Creatures (others)
  2 dancing weapons (D:4)
2 creatures vanquished.

Grand Total: 119 creatures vanquished

Notes
Turn   | Place    | Note
-------+----------+-------------------------------------------
     0 | D:1      | Forgeling the Naga Enchanter began the quest for the Orb.
     0 | D:1      | Reached XP level 1. HP: 15/15 MP: 3/3
   132 | D:1      | Reached XP level 2. HP: 18/18 MP: 5/5
   311 | D:1      | Reached XP level 3. HP: 20/28 MP: 6/6
   836 | D:2      | Learned a level 3 spell: Confusing Touch
   840 | D:2      | Learned a level 3 spell: Tukima's Dance
  1021 | D:2      | Noticed a black bear
  1024 | D:2      | Reached XP level 4. HP: 34/36 MP: 7/7
  1335 | D:3      | Noticed a scorpion
  1362 | D:3      | Killed a scorpion
  1363 | D:3      | Reached skill level 5 in Stealth
  1363 | D:3      | Reached skill level 5 in Hexes
  1363 | D:3      | Reached XP level 5. HP: 21/42 MP: 4/8
  1555 | D:3      | Noticed a black bear
  1571 | D:3      | Killed a black bear
  1572 | D:3      | Reached skill level 6 in Stealth
  1572 | D:3      | Reached XP level 6. HP: 24/49 MP: 2/10
  1704 | D:3      | Found a burning altar of Makhleb.
  1705 | D:3      | Found a glowing silver altar of Zin.
  1705 | D:3      | Noticed an angel
  1706 | D:3      | Noticed a green death
  2326 | D:3      | Learned a level 2 spell: Ensorcelled Hibernation
  2906 | D:2      | Killed a black bear
  2907 | D:2      | Reached skill level 7 in Stealth
  3034 | D:4      | Reached XP level 7. HP: 52/55 MP: 8/11
  3173 | D:4      | You fall into a shaft and drop 1 floor!
  3173 | D:5      | Entered Level 5 of the Dungeon
  3192 | D:5      | Reached skill level 8 in Stealth
  3540 | D:4      | Reached skill level 9 in Stealth
  3970 | D:4      | Found Koud's Armour Emporium.
  4171 | D:3      | Reached skill level 10 in Stealth
  4171 | D:3      | Reached XP level 8. HP: 49/63 MP: 6/12
  4400 | D:5      | Reached skill level 1 in Fighting
  4433 | D:5      | Found a white marble altar of Elyvilon.
  4523 | D:5      | Reached skill level 1 in Evocations
  4729 | D:5      | HP: 3/67 [hound (3)]
  4733 | D:5      | Killed from afar by an orc wizard

Illustrated notes

Levels and vault maps discovered:
D:1:      dpeg_arrival_pits, layout_rooms, chequers_serial_rivers_large_a
D:2:      layout_basic
D:3:      layout_basic, grunt_temple_overflow_order_and_chaos_2,
          nicolae_elevator_lobby_plus
D:4:      layout_basic, serial_shops, nicolae_shop_stone, st_stairs_13
D:5:      layout_basic, marbit_many_paths, kennysheep_small_circle

Skill      XL: |  1  2  3  4  5  6  7  8 |
---------------+-------------------------+-----
Hexes          | 4 5 6 |  6.0
Stealth        | 5 6 7 10 | 10.5
Spellcasting   | 3 |  3.0
Short Blades   | 3 |  3.7
Fighting       | 1 |  1.9
Evocations     | 1 |  1.0
Dodging        | |  1.5

Action                     |  1- 3 |  4- 6 |  7- 9 || total
---------------------------+-------+-------+-------++-------
  Melee: Dagger            |    80 |   121 |   112 ||   313
   Fire: Sling             |     6 |       |     2 ||     8
  Throw: Dart              |       |     3 |       ||     3
   Cast: Confusing Touch   |       |     3 |     2 ||     5
         Tukima's Dance    |       |     1 |     2 ||     3
         Ensorcelled Hiber |       |       |    11 ||    11
Ability: Spit Poison       |     3 |     4 |     6 ||    13
    Use: Scroll            |       |     1 |     1 ||     2
         Potion            |       |     3 |     7 ||    10
   Stab: Sleeping          |    13 |     5 |    14 ||    32
         Distracted        |       |       |     1 ||     1
 Armour: Robe              |    51 |    98 |   124 ||   273
  Dodge: Dodged            |    29 |    67 |    79 ||   175
  Block: Buckler           |     7 |    19 |    22 ||    48

Table legend: (Time is in decaauts)
 A = Elapsed time spent in this place.
 B = Non-inter-level travel time spent in this place.
 C = Inter-level travel time spent in this place.
 D = Time resting spent in this place.
 E = Time spent auto-exploring this place.
 F = Levels seen in this place.
 G = Mean time per level.
                   A        B        C        D        E       F      G
               +--------+--------+--------+--------+--------+-----+--------+
         Total |   6126 |   5731 |    395 |    236 |   4157 |   5 | 1225.2 |
       Dungeon |   6126 |   5731 |    395 |    236 |   4157 |   5 | 1225.2 |
               +--------+--------+--------+--------+--------+-----+--------+

Top non-repeatable levels by time:
     D:3: 1751 daAuts
     D:4: 1383 daAuts
     D:2: 1224 daAuts
     D:1: 891 daAuts
     D:5: 876 daAuts
